PA
GRIM REAPERS @ WALLA WALLA WALLEYE
07/01/2031
 
TOP OF THE 1ST
Grim Reapers batting - Pitching for Walla Walla Walleye : LHP Greguorio Espora
Pitching: LHP Greguorio Espora
Batting: RHB Askari bin Idris 0-0: Foul Ball, location: 2F
0-1: Foul Ball, location: 2F
0-2: Foul Ball, location: 2F
0-2: Foul Ball, location: 2F
0-2: Strikes out swinging
Batting: RHB Milos Jaksch 0-0: Foul Ball, location: 2F
0-1: Ball
1-1: Swinging Strike
1-2: Fly out, F8 (Flyball, 8RM)
Batting: RHB Mun-wah Law 0-0: Foul Ball, location: 2F
0-1: Foul Ball, location: 2F
0-2: Ball
1-2: Strikes out looking
Top of the 1st over - 0 runs, 0 hits, 0 errors, 0 left on base; Grim 0 - Walla Walla 0
BOTTOM OF THE 1ST
Walla Walla Walleye batting - Pitching for Grim Reapers : RHP António Fernández
Pitching: RHP António Fernández
Batting: RHB Dave Sosa 0-0: Swinging Strike
0-1: Ball
1-1: Foul Ball, location: 2F
1-2: Ground out U3 (Groundball, 34)
Batting: RHB Raúl Maradona 0-0: Foul Ball, location: 2F
0-1: Called Strike
0-2: Ball
1-2: Strikes out swinging
Batting: LHB Mo Eayrs 0-0: Ball
1-0: Called Strike
1-1: SINGLE (Line Drive, 56D)
Batting: RHB Augusto Manuel 0-0: Ball
1-0: Foul Ball, location: 2F
1-1: Ball
2-1: Ball
3-1: Foul Ball, location: 2F
3-2: Strikes out swinging
Bottom of the 1st over - 0 runs, 1 hit, 0 errors, 1 left on base; Grim 0 - Walla Walla 0
TOP OF THE 2ND
Grim Reapers batting - Pitching for Walla Walla Walleye : LHP Greguorio Espora
Batting: RHB Keiran Calleson 0-0: Called Strike
0-1: Swinging Strike
0-2: Foul Ball, location: 2F
0-2: Strikes out swinging
Batting: RHB Huai-yi Yang 0-0: Ball
1-0: Swinging Strike
1-1: Foul Ball, location: 2F
1-2: Strikes out swinging
Batting: RHB Keohi Iese 0-0: Ball
1-0: Swinging Strike
1-1: Foul Ball, location: 2F
1-2: Strikes out swinging
Top of the 2nd over - 0 runs, 0 hits, 0 errors, 0 left on base; Grim 0 - Walla Walla 0
BOTTOM OF THE 2ND
Walla Walla Walleye batting - Pitching for Grim Reapers : RHP António Fernández
Batting: LHB Andrés Rodríguez 0-0: Ball
1-0: Ground out 4-3 (Groundball, 4)
Batting: RHB Igme Samson 0-0: Fly out, F9 (Flyball, 9)
Batting: RHB Gustavo Ortíz 0-0: Swinging Strike
0-1: DOUBLE (Line Drive, 89D)
Batting: LHB Rurik Elhov 0-0: Swinging Strike
0-1: Swinging Strike
0-2: Foul Ball, location: 2F
0-2: Ground out 4-3 (Groundball, 4)
Bottom of the 2nd over - 0 runs, 1 hit, 0 errors, 1 left on base; Grim 0 - Walla Walla 0
TOP OF THE 3RD
Grim Reapers batting - Pitching for Walla Walla Walleye : LHP Greguorio Espora
Batting: RHB Brandon Palmer 0-0: Ball
1-0: Called Strike
1-1: Foul Ball, location: 2F
1-2: Strikes out swinging
Batting: RHB Joe Rodgers 0-0: Ball
1-0: Called Strike
1-1: Called Strike
1-2: SINGLE (Line Drive, 89S)
Batting: SHB Guo-liang Ye 0-0: Ball
1-0: Ball
2-0: Ball
3-0: Called Strike
3-1: Foul Ball, location: 2F
3-2: Strikes out swinging
Joe Rodgers steals 2nd base
Batter strikes out.
Batting: RHB Askari bin Idris 0-0: Called Strike
0-1: Called Strike
0-2: Foul Ball, location: 2F
0-2: Ball
1-2: Strikes out swinging
Top of the 3rd over - 0 runs, 1 hit, 0 errors, 1 left on base; Grim 0 - Walla Walla 0
BOTTOM OF THE 3RD
Walla Walla Walleye batting - Pitching for Grim Reapers : RHP António Fernández
Batting: RHB Oliver Villalva 0-0: SINGLE (Groundball, 6MD)
Batting: RHB Dave Sosa 0-0: Ball
1-0: Swinging Strike
1-1: Ball
2-1: Fly out, F8 (Flyball, 8RXD)
Batting: RHB Raúl Maradona 0-0: Called Strike
0-1: Grounds into double play, 5-4-3 (Groundball, 5)
Bottom of the 3rd over - 0 runs, 1 hit, 0 errors, 0 left on base; Grim 0 - Walla Walla 0
TOP OF THE 4TH
Grim Reapers batting - Pitching for Walla Walla Walleye : LHP Greguorio Espora
Batting: RHB Milos Jaksch 0-0: Foul Ball, location: 2F
0-1: Swinging Strike
0-2: Strikes out swinging
Batting: RHB Mun-wah Law 0-0: Ball
1-0: Called Strike
1-1: Called Strike
1-2: Ball
2-2: SINGLE (Line Drive, 8RS)
Batting: RHB Keiran Calleson 0-0: Ball
1-0: Ball
2-0: Called Strike
2-1: SINGLE (Line Drive, 7LS)
Mun-wah Law to second
Batting: RHB Huai-yi Yang 0-0: Foul Ball, location: 2F
0-1: Ball
1-1: Ball
2-1: Called Strike
2-2: Grounds into double play, 6-4-3 (Groundball, 6)
Top of the 4th over - 0 runs, 2 hits, 0 errors, 1 left on base; Grim 0 - Walla Walla 0
BOTTOM OF THE 4TH
Walla Walla Walleye batting - Pitching for Grim Reapers : RHP António Fernández
Batting: LHB Mo Eayrs 0-0: Called Strike
0-1: Ball
1-1: Called Strike
1-2: Ground out 4-3 (Groundball, 4)
Batting: RHB Augusto Manuel 0-0: Called Strike
0-1: Called Strike
0-2: Strikes out swinging
Batting: LHB Andrés Rodríguez 0-0: Called Strike
0-1: Ball
1-1: Ball
2-1: Called Strike
2-2: Strikes out swinging, 2-3 out at first.
Bottom of the 4th over - 0 runs, 0 hits, 0 errors, 0 left on base; Grim 0 - Walla Walla 0
TOP OF THE 5TH
Grim Reapers batting - Pitching for Walla Walla Walleye : LHP Greguorio Espora
Batting: RHB Keohi Iese 0-0: Called Strike
0-1: Foul Ball, location: 2F
0-2: Strikes out swinging
Batting: RHB Brandon Palmer 0-0: Called Strike
0-1: Ball
1-1: Ground out 4-3 (Groundball, 4)
Batting: RHB Joe Rodgers 0-0: Ball
1-0: Called Strike
1-1: Ball
2-1: Called Strike
2-2: Foul Ball, location: 2F
2-2: Foul Ball, location: 2F
2-2: Ball
3-2: Strikes out swinging
Top of the 5th over - 0 runs, 0 hits, 0 errors, 0 left on base; Grim 0 - Walla Walla 0
BOTTOM OF THE 5TH
Walla Walla Walleye batting - Pitching for Grim Reapers : RHP António Fernández
Batting: RHB Igme Samson 0-0: Called Strike
0-1: Ball
1-1: Ball
2-1: Ball
3-1: Ground out 6-3 (Groundball, 6)
Batting: RHB Gustavo Ortíz 0-0: Ball
1-0: Foul Ball, location: 2F
1-1: Ball
2-1: Ball
3-1: Fly out, F8 (Line Drive, 8LD)
Batting: LHB Rurik Elhov 0-0: Called Strike
0-1: Ball
1-1: Ball
2-1: Ball
3-1: Fly out, F8 (Line Drive, 78D)
Bottom of the 5th over - 0 runs, 0 hits, 0 errors, 0 left on base; Grim 0 - Walla Walla 0
TOP OF THE 6TH
Grim Reapers batting - Pitching for Walla Walla Walleye : LHP Greguorio Espora
Batting: SHB Guo-liang Ye 0-0: Called Strike
0-1: Ball
1-1: Foul Ball, location: 2F
1-2: Ground out 6-3 (Groundball, 6MS)
Batting: RHB Askari bin Idris 0-0: Ball
1-0: Foul Ball, location: 2F
1-1: Swinging Strike
1-2: DOUBLE (Flyball, 8LXD)
Batting: RHB Milos Jaksch 0-0: Swinging Strike
0-1: Ball
1-1: Ball
Throwing error on steal attempt, E2
Askari bin Idris scores
2-1: Ball
3-1: Foul Ball, location: 2F
3-2: SINGLE (Groundball, 56D)
Batting: RHB Mun-wah Law 0-0: Ball
1-0: Swinging Strike
1-1: Swinging Strike
1-2: Ball
2-2: Foul Ball, location: 2F
2-2: Foul Ball, location: 2F
2-2: Fly out, F8 (Flyball, 8LM)
Batting: RHB Keiran Calleson 0-0: 2-RUN HOME RUN (Flyball, 78XD), Distance : 438 ft
Batting: RHB Huai-yi Yang 0-0: Foul Ball, location: 2F
0-1: Ball
1-1: Swinging Strike
1-2: Foul Ball, location: 2F
1-2: Foul Ball, location: 2F
1-2: Ball
2-2: SINGLE (Line Drive, 7S)
Pitching: LHP Ids Knegt
Batting: RHB Keohi Iese 0-0: Ball
1-0: Called Strike
1-1: Ball
2-1: Called Strike
2-2: Ball
3-2: Base on Balls
Huai-yi Yang to second
Batting: RHB Brandon Palmer 0-0: Called Strike
0-1: SINGLE (Groundball, 5S) (infield hit)
Huai-yi Yang to third
Keohi Iese to second
Batting: RHB Joe Rodgers 0-0: Called Strike
0-1: Ball
1-1: Ball
2-1: Ball
3-1: Base on Balls
Huai-yi Yang scores
Keohi Iese to third
Brandon Palmer to second
Batting: SHB Guo-liang Ye 0-0: Ball
1-0: Called Strike
1-1: Ball
2-1: Fielders Choice at 2nd, 6-4 (Groundball, 56)
Top of the 6th over - 4 runs, 5 hits, 1 error, 3 left on base; Grim 4 - Walla Walla 0
BOTTOM OF THE 6TH
Walla Walla Walleye batting - Pitching for Grim Reapers : RHP António Fernández
Batting: RHB Oliver Villalva 0-0: Ball
1-0: Fly out, F5 (Flyball, 5D)
Batting: RHB Dave Sosa 0-0: Ball
1-0: Ball
2-0: Ball
3-0: Called Strike
3-1: Ground out 6-3 (Groundball, 6)
Batting: RHB Raúl Maradona 0-0: Called Strike
0-1: Ball
1-1: Ground out 5-3 (Groundball, 56)
Bottom of the 6th over - 0 runs, 0 hits, 0 errors, 0 left on base; Grim 4 - Walla Walla 0
TOP OF THE 7TH
Grim Reapers batting - Pitching for Walla Walla Walleye : LHP Ids Knegt
Batting: RHB Askari bin Idris 0-0: Foul Ball, location: 2F
0-1: Ball
1-1: SINGLE (Groundball, 5D)
Batting: RHB Milos Jaksch 0-0: Called Strike
Askari bin Idris steals 2nd base
0-1: Foul Ball, location: 2F
0-2: Ball
1-2: Strikes out swinging
Batting: RHB Mun-wah Law 0-0: Intentional Walk
Batting: RHB Keiran Calleson 0-0: Fielders Choice at 2nd, 4-6 (Groundball, 4)
Askari bin Idris to third
Batting: RHB Huai-yi Yang 0-0: Ground out 5-3 (Groundball, 56S)
Top of the 7th over - 0 runs, 1 hit, 0 errors, 2 left on base; Grim 4 - Walla Walla 0
BOTTOM OF THE 7TH
Walla Walla Walleye batting - Pitching for Grim Reapers : RHP António Fernández
Batting: LHB Mo Eayrs 0-0: Ball
1-0: Fly out, F6 (Line Drive, 6)
Batting: RHB Augusto Manuel 0-0: Ball
1-0: Ball
2-0: Ground out 4-3 (Groundball, 4)
Batting: LHB Andrés Rodríguez 0-0: Foul Ball, location: 2F
0-1: Ball
1-1: Ground out 5-3 (Groundball, 56S)
Bottom of the 7th over - 0 runs, 0 hits, 0 errors, 0 left on base; Grim 4 - Walla Walla 0
TOP OF THE 8TH
Grim Reapers batting - Pitching for Walla Walla Walleye : LHP Ids Knegt
Batting: RHB Keohi Iese 0-0: Swinging Strike
0-1: SINGLE (Groundball, 4D)
Batting: RHB Brandon Palmer 0-0: Called Strike
0-1: Swinging Strike
0-2: Foul Ball, location: 2F
0-2: Grounds into double play, 5-4-3 (Groundball, 5)
Batting: RHB Joe Rodgers 0-0: Ball
1-0: Foul Ball, location: 2F
1-1: Foul Ball, location: 2F
1-2: Ball
2-2: Strikes out swinging
Top of the 8th over - 0 runs, 1 hit, 0 errors, 0 left on base; Grim 4 - Walla Walla 0
BOTTOM OF THE 8TH
Walla Walla Walleye batting - Pitching for Grim Reapers : RHP António Fernández
Batting: RHB Igme Samson 0-0: DOUBLE (Flyball, 8LD)
Batting: RHB Gustavo Ortíz 0-0: Called Strike
0-1: Called Strike
0-2: Ball
1-2: Strikes out swinging
Batting: LHB Rurik Elhov 0-0: Foul Ball, location: 2F
0-1: Ball
1-1: 2-RUN HOME RUN (Line Drive, 7D), Distance : 420 ft
Batting: RHB Oliver Villalva 0-0: Swinging Strike
0-1: Swinging Strike
0-2: Strikes out swinging
Batting: RHB Dave Sosa 0-0: Fly out, F7 (Flyball, 7D)
Bottom of the 8th over - 2 runs, 2 hits, 0 errors, 0 left on base; Grim 4 - Walla Walla 2
TOP OF THE 9TH
Grim Reapers batting - Pitching for Walla Walla Walleye : LHP Ids Knegt
Pitching: RHP Ainanani Oliwa
Batting: SHB Guo-liang Ye 0-0: Called Strike
0-1: SINGLE (Flyball, 78M)
Batting: RHB Askari bin Idris 0-0: Sac Bunt - play at first, batter OUT! 2-3
Guo-liang Ye to second
Batting: RHB Milos Jaksch 0-0: Foul Ball, location: 2F
0-1: DOUBLE (Line Drive, 7LS)
Guo-liang Ye scores
Batting: RHB Mun-wah Law 0-0: Intentional Walk
Batting: RHB Keiran Calleson 0-0: Called Strike
0-1: Called Strike
Milos Jaksch steals 3rd base
0-2: Fly out, F9 (Flyball, 9S)
Batting: RHB Huai-yi Yang 0-0: Fly out, F4 (Popup, 4M)
Top of the 9th over - 1 run, 2 hits, 0 errors, 2 left on base; Grim 5 - Walla Walla 2
BOTTOM OF THE 9TH
Walla Walla Walleye batting - Pitching for Grim Reapers : RHP António Fernández
Batting: RHB Raúl Maradona 0-0: Ball
1-0: Ball
2-0: Foul Ball, location: 2F
2-1: Ball
3-1: Base on Balls
Batting: LHB Mo Eayrs 0-0: Ball
1-0: Ball
2-0: Swinging Strike
2-1: Ball
3-1: Foul Ball, location: 2F
3-2: Strikes out looking
Batting: RHB Augusto Manuel 0-0: Called Strike
0-1: DOUBLE (Line Drive, 78D)
Raúl Maradona to third
Batting: LHB Andrés Rodríguez 0-0: Called Strike
0-1: Ball
1-1: Swinging Strike
1-2: Foul Ball, location: 2F
1-2: Strikes out looking
Pinch Hitting: LHB José Román 0-0: Called Strike
0-1: Foul Ball, location: 2F
0-2: Foul Ball, location: 2F
0-2: Foul Ball, location: 2F
0-2: Foul Ball, location: 2F
0-2: Fly out, F7 (Flyball, 7S)
Bottom of the 9th over - 0 runs, 1 hit, 0 errors, 2 left on base; Grim 5 - Walla Walla 2
Tuesday, June 12th, 2018 - OOTP Baseball 18.8 Build 76